 Dungeon Crawl Stone Soup version 0.31.0-11-ge490571c62 (webtiles) character file.

Game seed: 15072078280005130002

99 qw the Shooter (level 4, -2/22 HPs)
             Began as a Spriggan Hunter on Feb 4, 2024.
             Killed from afar by Natasha (6 damage)
             ... with a magic dart
             ... on level 2 of the Dungeon.
             The game lasted 00:00:58 (1273 turns).

qw the Shooter (Spriggan Hunter)                    Turns: 1273, Time: 00:00:59

Health: -2/22      AC:  2    Str:  7    XL:     4   Next: 45%
Magic:  5/5        EV: 20    Int: 10    God:
Gold:   52         SH:  0    Dex: 20    Spells: 3/3 levels left

rFire   . . .        a - +1 shortbow
rCold   . . .        (shield currently unavailable)
rNeg    . . .        c - +0 robe
rPois   .            (helmet restricted)
rElec   .            (no cloak)
rCorr   .            (gloves unavailable)
SInv    +            (boots unavailable)
Will    .....        (no amulet)
Stlth   ++           (no ring)
HPRegen 0.23/turn    (no ring)
MPRegen 0.09/turn

%: no passive effects
@: very quick
A: very small, no large weapons, unfitting armour, see invisible, speed 3
a: no special abilities


You were on level 2 of the Dungeon.
You visited 1 branch of the dungeon, and saw 2 of its levels.

You collected 52 gold pieces.


Innate Abilities, Weirdness & Mutations

You are very small and have problems with some larger weapons.
You are too small for most types of armour.
You have supernaturally acute eyesight. (SInv)
You cover ground extremely quickly. (Speed+++)


   Skills:
 - Level 1.5 Fighting
 - Level 5.1 Ranged Weapons
 + Level 4.8 Dodging
 - Level 1.5 Stealth


You had 3 spell levels left.
You didn't know any spells.
Your spell library was empty.

Inventory:

Hand Weapons
 a - a +1 shortbow (weapon)
Armour
 c - a +0 robe (worn)
Potions
 g - a potion of attraction {unknown}

Dungeon Overview and Level Annotations

Branches:
Dungeon (2/15)

Altars:

Annotations:
D:2 Natasha


Message History

The cerulean imp hits you from afar with a +2 spear.
You shoot an arrow. The arrow hits Natasha.
Natasha is moderately wounded.
Natasha barely misses you.
The cerulean imp hits you from afar with a +2 spear.
Natasha completely misses you.
You shoot an arrow. The arrow barely misses Natasha.
The arrow barely misses the cerulean imp.
The arrow closely misses the cerulean imp.
The cerulean imp misses you. Natasha claws you.
You shoot an arrow. The arrow barely misses Natasha.
The arrow hits the cerulean imp but does no damage.
The cerulean imp is severely wounded.
The cerulean imp hits you from afar with a +2 spear.
Natasha growls.
Natasha closely misses you.
You shoot an arrow. The arrow barely misses Natasha.
The arrow closely misses the cerulean imp.
The arrow hits the cerulean imp.
The cerulean imp is moderately wounded.
The cerulean imp barely misses you. Natasha closely misses you.
The cerulean imp completely misses you.
You shoot an arrow. The arrow closely misses Natasha.
The arrow hits the cerulean imp!
You kill the cerulean imp!
The cerulean imp disappears in a puff of smoke!
Natasha misses you.
You shoot an arrow. The arrow barely misses Natasha.
The arrow hits the cerulean imp.
The cerulean imp is moderately wounded.
The cerulean imp misses you.
Natasha stares at you and mumbles some strange words.
The magic dart hits you.
You shoot an arrow. The arrow hits Natasha.
Natasha is heavily wounded.
The cerulean imp misses you.
Natasha stares at you and mumbles some strange words.
The magic dart hits you.
You die...
Natasha curls up and begins to purr.

.### #.#.######.. #.#.#......#
..#.S.# ### . #####..# ..# ..
##..# #.# ..# ###...## #.#
...####### ##...#..# #.#
#.......####..####%##### #.#
#..............@h5.....### #.#
#.......###.######.......####.##
#.......###.# ##......)).#...
######......# #......##.)...
##.###### #......#####.. #..#
######......# ##. ####.##
#...........# ##. ###....#
#####.####......# #.. ....####
##.....####......#####..


You could see Natasha and a cerulean imp (summoned).

Vanquished Creatures
  Robin (D:2)
  3 adders (D:2)
  A ribbon worm (D:2)
  A dart slug (D:1)
  6 ball pythons (D:1)
  3 endoplasms (D:1)
  A giant cockroach (D:2)
  11 goblins
  3 hobgoblins
  9 kobolds (D:1)
  3 quokkas (D:1)
  2 bats (D:1)
  2 frilled lizards (D:1)
  6 rats
52 creatures vanquished.

Notes
Turn   | Place    | Note
-------+----------+-------------------------------------------
     0 | D:1      | qw the Spriggan Hunter began the quest for the Orb.
     0 | D:1      | Reached XP level 1. HP: 10/10 MP: 2/2
     0 | D:1      | 0 ||| qw: Version: 0.3-a-160-g6735b56
     0 | D:1      | 0 ||| qw: Game counter: 6016
     0 | D:1      | 0 ||| qw: Melee chars always use a shield: true
     0 | D:1      | 0 ||| qw: God list: Okawaru
     0 | D:1      | 0 ||| qw: Allow faded altars: false
     0 | D:1      | 0 ||| qw: Do Orc after clearing Dungeon:15 true
     0 | D:1      | 0 ||| qw: Do second Lair branch before Depths: true
     0 | D:1      | 0 ||| qw: Lair rune preference: random
     0 | D:1      | 0 ||| qw: Goals: Normal
     0 | D:1      | 0 ||| PLANNING D:1-11
    33 | D:1      | Reached skill level 3 in Dodging
   106 | D:1      | Reached XP level 2. HP: 14/14 MP: 3/3
   379 | D:1      | Reached XP level 3. HP: 16/18 MP: 4/4
   973 | D:1      | 973 ||| READING scroll labelled TYNOAK MEDIRIOH.
   973 | D:1      | 973 ||| ENCHANTING +0 shortbow.
   974 | D:1      | 974 ||| READING scroll labelled XOUMUI CAOWE.
   975 | D:1      | 975 ||| READING scroll labelled ALAAGI VOIXZIMOS.
   975 | D:1      | 975 ||| ENCHANTING +1 shortbow.
   976 | D:1      | 976 ||| DROPPING scroll of butterflies.
  1073 | D:2      | Noticed Robin
  1090 | D:2      | Reached skill level 5 in Ranged Weapons
  1091 | D:2      | Killed Robin
  1092 | D:2      | Reached XP level 4. HP: 20/22 MP: 5/5
  1235 | D:2      | Noticed Natasha
  1237 | D:2      | 1237 ||| FLEEEEING.
  1238 | D:2      | 1238 ||| FLEEEEING.
  1239 | D:2      | 1239 ||| FLEEEEING.
  1240 | D:2      | 1240 ||| FLEEEEING.
  1241 | D:2      | 1241 ||| FLEEEEING.
  1243 | D:2      | 1243 ||| FLEEEEING.
  1244 | D:2      | 1244 ||| FLEEEEING.
  1245 | D:2      | 1245 ||| FLEEEEING.
  1246 | D:2      | 1246 ||| FLEEEEING.
  1247 | D:2      | 1247 ||| FLEEEEING.
  1248 | D:2      | 1248 ||| FLEEEEING.
  1249 | D:2      | 1249 ||| FLEEEEING.
  1250 | D:2      | 1250 ||| FLEEEEING.
  1251 | D:2      | 1251 ||| FLEEEEING.
  1261 | D:2      | 1261 ||| RETREEEEATING.
  1262 | D:2      | 1262 ||| RETREEEEATING.
  1272 | D:2      | HP: 4/22 [Natasha/magic dart (4)]
  1273 | D:2      | Killed from afar by Natasha

Levels and vault maps discovered:
D:1:      minmay_arrival_jagged, layout_loops_corners, lexackson_kobold_supper
D:2:      layout_rooms, uniq_robin, uniq_natasha

Skill      XL: |  1  2  3 |
---------------+----------+-----
Dodging        | 3 4 |  4.8
Ranged Weapons | 5 |  5.1
Fighting       | |  1.5
Stealth        | |  1.5

Action                     |  1- 3 |  4- 6 || total
---------------------------+-------+-------++-------
   Fire: Shortbow          |   111 |    35 ||   146
    Use: Scroll            |     3 |       ||     3
 Armour: Robe              |    17 |    12 ||    29
  Dodge: Dodged            |    62 |    30 ||    92

Table legend:
 A = Non-vault XP
 B = Vault XP
 C = Vault XP percentage of total XP
 D = Non-vault monster count
 E = Vault monster count
 F = Vault count percentage of total count
                 A         B        C        D         E       F
            +---------+---------+-------+---------+---------+-------
      Total |      96 |      46 |  32.4 |      32 |      20 |  38.5
            +---------+---------+-------+---------+---------+-------
        D:1 |      49 |      11 |  18.3 |      26 |       8 |  23.5
        D:2 |      47 |      35 |  42.7 |       6 |      12 |  66.7
            +---------+---------+-------+---------+---------+-------
